 Dungeon Crawl Stone Soup version 0.21-a0-258-g4c0eb85 (webtiles) character file.

565 spacecwb the Ruffian (level 7, -6/67 HPs)
             Began as a Troll Fighter on Sept 7, 2017.
             Was a Follower of Elyvilon.
             Mangled by a mummy (14 damage)
             ... in an ossuary.
             The game lasted 00:17:17 (3752 turns).

spacecwb the Ruffian (Troll Fighter)                Turns: 3752, Time: 00:17:17

Health: -6/67      AC:  6    Str: 27    XL:     7   Next: 10%
Magic:  6/6        EV:  9    Int:  4    God:    Elyvilon [*.....]
Gold:   109        SH:  9    Dex:  9    Spells: 6/6 levels left

rFire    . . .     SeeInvis .   G - +2 dagger (holy)
rCold    . . .     Gourm    +   b - +0 shield
rNeg     . . .     Faith    .   J - +1 robe
rPois    .         Spirit   .   (helmet restricted)
rElec    .         Reflect  .   (no cloak)
rCorr    .         Harm     .   (gloves unavailable)
MR       .....                  (boots unavailable)
Stlth    +.........             (no amulet)
HPRegen  0.61/turn              (no ring)
MPRegen  0.10/turn              (no ring)

@: no status effects
A: unfitting armour, claws 3, fast metabolism 3, gourmand, regeneration 1,
shaggy fur 1, tough skin 2
a: Lesser Healing, Divine Protection, Renounce Religion


You were in an ossuary.
You worshipped Elyvilon.
Elyvilon was aware of your devotion.
You were not hungry.

You visited 2 branches of the dungeon, and saw 6 of its levels.
You also visited: Sewer and Ossuary.

You collected 236 gold pieces.
You spent 127 gold pieces at shops.

Inventory:

Hand Weapons
 f - a +0 spear
 h - a +0 spear
 n - a +0 dagger
 o - a +0 flail
 D - a +0 short sword
 G - a +2 dagger of holy wrath (weapon)
 H - a +0 dagger
Missiles
 u - 69 sling bullets
 B - 11 poisoned needles
 C - 40 arrows
 F - 7 tomahawks (quivered)
Armour
 a - a +0 robe
 b - a +0 shield (worn)
 w - a +0 scale mail
 I - a +0 robe
 J - a +1 robe (worn)
Jewellery
 K - an uncursed amulet of inaccuracy
Scrolls
 i - 3 scrolls of remove curse
 q - 4 scrolls of teleportation
 t - 2 scrolls of enchant armour
 x - 3 scrolls of identify {unknown}
 y - 2 scrolls of amnesia {unknown}
 E - a scroll of fog {unknown}
Potions
 c - a potion of might
 e - 3 potions of lignification {unknown}
 g - 2 potions of curing
 k - 2 potions of agility {unknown}
 l - 3 potions of heal wounds {unknown}
 r - 2 potions of degeneration {unknown}
 z - 2 potions of flight {unknown}
 A - a potion of brilliance {unknown}
Comestibles
 d - 2 bread rations
 j - 2 meat rations
 p - 4 fruits


   Skills:
 + Level 3.2 Fighting
 + Level 2.4 Maces & Flails
 + Level 3.7 Dodging
 + Level 1.0 Stealth
 + Level 3.7 Shields
 + Level 4.0 Unarmed Combat


You had 6 spell levels left.
You didn't know any spells.

Dungeon Overview and Level Annotations

Branches:
Dungeon (5/15)             Temple (1/1) D:4

Altars:
Ashenzari
Dithmenos
Elyvilon
Fedhas
Gozag
Hepliaklqana
Kikubaaqudgha
Makhleb
Nemelex Xobeh
Okawaru
Qazlal
Ru
Sif Muna
Trog
Uskayaw
Vehumet
Wu Jian
Yredelemnul
Zin
The Shining One

Shops:
D:4 ??

Annotations:
D:5 Sigmund Ossuary Atlas's ghost, novice DrTm


Innate Abilities, Weirdness & Mutations

You are too large for most types of armour.
You have claws for hands.
Your metabolism is lightning-fast.
You like to eat raw meat.
Your natural rate of healing is unusually fast.
You are covered in fur. (AC +1)
You have very tough skin. (AC +2)


Message History

The big kobold zombie misses you. You block the orc zombie's attack.
Atlas's ghost shrieks, "You will never get the ORB!" 2 zombies come into view.
As you read the scroll labeled ULUFAO HENOEV, it crumbles to dust.
The creatures around you are filled with an inner flame!
It was a scroll of immolation.
The orc zombie hits you but does no damage.
The big kobold zombie hits you.
* * * LOW HITPOINT WARNING * * *
2 zombies come into view.
You hit Atlas's ghost but do no damage. Atlas's ghost hits you!
* * * LOW HITPOINT WARNING * * *
The mummy hits you! Elyvilon protects you from harm!
You hit the mummy.
The mummy convulses.
The mummy is lightly damaged.
You block Atlas's ghost's attack.
The big kobold zombie closely misses you.
You block the orc zombie's attack. The mummy hits you!
You die...

##.........##
#...........#
##.........##
W..........
##.........##
.........
........##
.Z.Z...MZ#
..Z...W@#
.Z.....MZ#
........##
...∩.....
##...####
##.# #. #


You could see 2 mummies, Atlas's ghost (inner flame), a hobgoblin zombie, 2
gnoll zombies, a big kobold zombie (inner flame), an orc zombie (inner flame)
and a centaur zombie (inner flame).

Vanquished Creatures
  The ghost of Blomdor the Skirmisher, an amateur BaWz (D:4)
  A big kobold (Sewer)
  A hound (D:4)
  4 orc wizards
  A mummy (D:5)
  6 adders
  3 river rats
  2 oozes
  2 worms (D:2)
  4 leopard geckos
  15 orcs
  2 giant cockroaches (D:3)
  A gnoll zombie (Ossuary)
  9 goblins
  11 hobgoblins
  7 jackals
  3 quokkas (D:3)
  3 ball pythons (D:3)
  4 bats
  3 frilled lizards
  5 kobolds
  12 rats
100 creatures vanquished.

Notes
Turn   | Place    | Note
-------+----------+-------------------------------------------
     0 | D:1      | spacecwb the Troll Fighter began the quest for the Orb.
     0 | D:1      | Reached XP level 1. HP: 22/22 MP: 0/0
   201 | D:1      | Reached XP level 2. HP: 25/29 MP: 1/1
   837 | D:2      | Reached XP level 3. HP: 31/36 MP: 2/2
  1411 | D:2      | Reached XP level 4. HP: 35/44 MP: 3/3
  1741 | D:3      | Reached skill level 3 in Unarmed Combat
  1871 | D:3      | Reached XP level 5. HP: 45/50 MP: 4/4
  2119 | D:3      | Found a glowing drain.
  2136 | Sewer    | Entered a sewer
  2211 | Sewer    | Reached skill level 1 in Maces & Flails
  2292 | Sewer    | Found a white marble altar of Elyvilon.
  2303 | Sewer    | Became a worshipper of Elyvilon the Healer
  2406 | D:3      | Reached XP level 6. HP: 59/59 MP: 5/5
  2773 | D:4      | Noticed Blomdor's ghost (amateur BaWz)
  2795 | D:4      | Killed Blomdor's ghost
  2941 | D:4      | Found Olosmipn's Magic Scroll Shop.
  2979 | D:4      | Found a staircase to the Ecumenical Temple.
  2981 | D:4      | Found a faded altar of an unknown god.
  2995 | Temple   | Entered the Ecumenical Temple
  2996 | Temple   | Reached * piety under Elyvilon
  3209 | D:4      | Found Fanypp's Magic Scroll Shop.
  3217 | D:4      | Bought a scroll of teleportation for 30 gold pieces
  3225 | D:4      | Bought a scroll of blinking for 97 gold pieces
  3388 | D:4      | You fall through a shaft!
  3388 | D:5      | Entered Level 5 of the Dungeon
  3422 | D:5      | Noticed Sigmund
  3426 | D:5      | Found a sand-covered staircase.
  3582 | D:5      | Reached skill level 1 in Stealth
  3582 | D:5      | Reached skill level 4 in Unarmed Combat
  3582 | D:5      | Reached XP level 7. HP: 40/67 MP: 6/6
  3707 | Ossuary  | Entered an ossuary
  3712 | Ossuary  | Noticed Atlas's ghost (novice DrTm)
  3751 | Ossuary  | Elyvilon protects you from harm!
  3752 | Ossuary  | Mangled by a mummy

Vault maps used:
D:1:      lemuel_arrival_rhombus, hex_intersection
D:3:      portal_sewer_entry_b, kennysheep_crisscross, minmay_misc_feat_tiny,
          serial_park_tiny_1
D:4:      nicolae_temple_entry_ecumenical, serial_shops,
          nicolae_shop_waterfront, nicolae_shop_waterfront, shop, shop
D:5:      grunt_temple_overflow_open, nicolae_ossuary_entry_giza, first_bread,
          uniq_sigmund
Temple:   regret_index_temple_chain_breaker
Sewer:    sewer_kobolds
Ossuary:  minmay_ossuary_gauntlet

Skill      XL: |  1  2  3  4  5  6 |
---------------+-------------------+-----
Dodging        | 3 |  3.7
Unarmed Combat | 3 4 |  4.0
Shields        | 3 |  3.7
Maces & Flails | 1 2 |  2.4
Fighting       | 3 |  3.2
Stealth        | 1 |  1.0

Action                   |  1- 3 |  4- 6 |  7- 9 || total
-------------------------+-------+-------+-------++-------
Melee: Unarmed           |    83 |   109 |     1 ||   193
       Flail             |       |   115 |       ||   115
       Dagger            |       |       |    25 ||    25
  Use: Scroll            |       |     3 |     4 ||     7
       Potion            |       |     1 |     1 ||     2
 Stab: Sleeping          |       |     1 |       ||     1
  Eat: Chunk             |     8 |     4 |       ||    12
       Meat ration       |       |     1 |       ||     1
       Bread ration      |       |     3 |       ||     3
       Royal jelly       |       |       |     2 ||     2
Armor: Robe              |    36 |    90 |    19 ||   145
Dodge: Dodged            |    27 |   101 |    23 ||   151
Block: Shield            |    51 |   108 |    29 ||   188

Table legend:
 A = Spawn XP
 B = Non-spawn XP
 C = Spawn XP percentage of total XP
 D = Spawn monster count
 E = Non-spawn monster count
 F = Spawn count percentage of total count
 G = Total turns spent on level
                    A         B        C        D         E        F      G
               +---------+---------+-------+---------+---------+-------+---------
         Total |       0 |     808 |   0.0 |       0 |     100 |   0.0 |  3752
               +---------+---------+-------+---------+---------+-------+---------
           D:1 |       0 |      40 |   0.0 |       0 |      24 |   0.0 |   834
           D:2 |       0 |      59 |   0.0 |       0 |      15 |   0.0 |   612
           D:3 |       0 |     149 |   0.0 |       0 |      33 |   0.0 |  1098
           D:4 |       0 |     290 |   0.0 |       0 |       9 |   0.0 |   448
           D:5 |       0 |     129 |   0.0 |       0 |       6 |   0.0 |   319
         Sewer |       0 |     139 |   0.0 |       0 |      12 |   0.0 |   224
       Ossuary |       0 |       2 |   0.0 |       0 |       1 |   0.0 |    45
               +---------+---------+-------+---------+---------+-------+---------
